 Dungeon Crawl Stone Soup version 0.30.2 (webtiles) character file.

Game seed: 14919319425051211258

381257 Strat the Polluter (level 23, -17/185 HPs)
             Began as an Octopode Venom Mage on Feb 12, 2024.
             Was the Champion of Vehumet.
             Demolished by a titan (27 damage)
             ... on level 5 of the Vaults on Feb 13, 2024.
             The game lasted 03:50:57 (79818 turns).

Strat the Polluter (Octopode Venom Mage)           Turns: 79818, Time: 03:50:58

Health: -17/185    AC:  7    Str: 14    XL:     23   Next: 20%
Magic:  9/45       EV: 31    Int: 39    God:    Vehumet [******]
Gold:   3434       SH: 14    Dex: 20    Spells: 8/58 levels left

rFire   + . .        a - staff of air "Ytihoint" {rElec Will+ Int+4}
rCold   + + +        Y - +0 kite shield of the Lizard {Drain rF+ Str+6 Stlth+}
rNeg    + . .        F - +2 hat
rPois   +            K - amulet of the Four Winds {rN+ Will+++ Clar}
rElec   +            p - ring "Byezaf" {Drain rPois rC++ Int+6 Stlth+}
rCorr   +            G - +4 ring of protection
SInv    +            v - +6 ring of intelligence
Will    +++++        d - ring of Dichagroch {rC+ rCorr}
Stlth   ++++++       X - ring "Uwikaf" {EV+5 Dex+3}
HPRegen 0.50/turn    q - ring of willpower
MPRegen 0.29/turn    P - +5 ring of evasion
                     s - ring of see invisible

%: clarity
@: very slightly contaminated, studying Maces & Flails
A: almost no armour, amphibious, 8 rings, camouflage 1, gelatinous body 1,
(nimble swimmer 1), tentacles, robust 1
}: 1/15 runes: barnacled
a: Renounce Religion


You were on level 5 of the Vaults.
You worshipped Vehumet.
Vehumet was exalted by your worship.
You visited 8 branches of the dungeon, and saw 38 of its levels.
You also visited: Sewer and Gauntlet.

You collected 4873 gold pieces.
You spent 1439 gold pieces at shops.

Inventory:

Missiles
 c - 11 curare-tipped darts
 E - 4 throwing nets
Armour
 F - a +2 hat (worn)
 Y - the +0 kite shield of the Lizard (worn) {Drain rF+ Str+6 Stlth+}
   (You acquired it on level 1 of the Shoals)

   Str:       It affects your strength (+6).
   rF:        It protects you from fire.
   Drain:     It drains your maximum health when unequipped.
   Stlth:     It makes you more stealthy.
Magical Staves
 a - the staff of air "Ytihoint" (weapon) {rElec Will+ Int+4}
   (You found it on level 3 of the Elven Halls)

   [staff of air]

   Base accuracy: +5 Base damage: 5 Base attack delay: 1.2 This weapon's minimum
   attack delay (0.6) is reached at skill level 12.
   Int:       It affects your intelligence (+4).
   rElec:     It insulates you from electricity.
   Will:      It increases your willpower.
   It falls into the 'Staves' category.
   It is a one-tentacled weapon.
 b - the staff of conjuration "Riogeink" {Fly rPois Stlth+}
   (You found it on level 4 of the Shoals)

   [staff of conjuration]

   Base accuracy: +5 Base damage: 5 Base attack delay: 1.2 This weapon's minimum
   attack delay (0.6) is reached at skill level 12.
   rPois:     It protects you from poison.
   Fly:       It grants you flight.
   Stlth:     It makes you more stealthy.
   It falls into the 'Staves' category.
   It is a one-tentacled weapon.
Jewellery
 d - the ring of Dichagroch (on tentacle) {rC+ rCorr}
   (You took it off a deep elf demonologist on level 3 of the Elven Halls)

   [ring of resist corrosion]

   rC:        It protects you from cold.
   rCorr:     It protects you from acid and corrosion.
 p - the ring "Byezaf" (left tentacle) {Drain rPois rC++ Int+6 Stlth+}
   (You took it off a deep elf pyromancer on level 3 of the Elven Halls)

   [ring of intelligence]

   Int:       It affects your intelligence (+6).
   rC:        It greatly protects you from cold.
   rPois:     It protects you from poison.
   Drain:     It drains your maximum health when unequipped.
   Stlth:     It makes you more stealthy.
 q - a ring of willpower (on tentacle)
 r - the ring "Bopojyas" {rPois rN+ Str-5 Int+4 Slay+3}
   (You found it on level 3 of the Crypt)

   [ring of positive energy]

   Str:       It affects your strength (-5).
   Int:       It affects your intelligence (+4).
   Slay:      It affects your accuracy & damage with ranged weapons and melee
   (+3).
   rPois:     It protects you from poison.
   rN:        It protects you from negative energy.
 s - a ring of see invisible (on tentacle)
 t - the ring of Asceticism {rN+ Str+5 Int+2 Dex-4 Stlth+}
   (You found it on level 3 of the Crypt)

   [ring of positive energy]

   Str:       It affects your strength (+5).
   Int:       It affects your intelligence (+2).
   Dex:       It affects your dexterity (-4).
   rN:        It protects you from negative energy.
   Stlth:     It makes you more stealthy.
 v - a +6 ring of intelligence (on tentacle)
 G - a +4 ring of protection (right tentacle)
 K - the amulet of the Four Winds (around mantle) {rN+ Will+++ Clar}
   (You found it on level 3 of the Elven Halls)

   [amulet of nothing]

   rN:        It protects you from negative energy.
   Clar:      It protects you from confusion, rage, mesmerisation and fear.
   Will:      It greatly increases your willpower.
 P - a +5 ring of evasion (on tentacle)
 T - an amulet of magic regeneration
 X - the ring "Uwikaf" (on tentacle) {EV+5 Dex+3}
   (You found it on level 2 of the Lair of Beasts)

   [ring of evasion]

   EV:        It affects your evasion (+5).
   Dex:       It affects your dexterity (+3).
Wands
 l - a wand of polymorph (28)
 u - a wand of charming (41)
 B - a wand of iceblast (32)
 D - a wand of flame (86)
 Q - a wand of light (3)
 W - a wand of mindburst (35)
Scrolls
 j - a scroll of amnesia
 o - 5 scrolls of poison
 x - 5 scrolls of fog
 y - a scroll of silence
 I - 9 scrolls of magic mapping
 J - 5 scrolls of immolation
 N - a scroll of enchant weapon
 U - 4 scrolls of identify
Potions
 e - 5 potions of curing
 f - 7 potions of might
 h - 6 potions of brilliance
 k - 8 potions of mutation
 w - a potion of invisibility
 A - 2 potions of haste
 C - 3 potions of flight
 L - 2 potions of resistance
 R - 4 potions of berserk rage
Miscellaneous
 S - a condenser vane
 V - a phial of floods
 Z - a phantom mirror


   Skills:
 + Level 17.4 Fighting
 - Level 8.1 Staves
 - Level 13.0 Dodging
 - Level 5.0 Stealth
 - Level 13.0 Shields
 - Level 18.0 Spellcasting
 - Level 10.0 Conjurations
 - Level 6.0 Summonings
 - Level 8.0 Transmutations
 - Level 4.2 Ice Magic
 - Level 10.0 Air Magic
 - Level 10.0 Earth Magic
 - Level 18.7 Poison Magic
 - Level 10.0 Evocations


You had 8 spell levels left.
You knew the following spells:

 Your Spells              Type           Power      Damage    Failure   Level
a - Stone Arrow           Conj/Erth      100%       3d13      1%          3
b - Iron Shot             Conj/Erth      42%        9d8       1%          6
c - Mephitic Cloud        Conj/Pois/Air  100%       N/A       1%          3
d - Olgreb's Toxic Radia  Pois           100%       N/A       0%          4
e - Airstrike             Air            53%        2d(8-24)  1%          4
f - Summon Lightning Spi  Summ/Air       98%        N/A       1%          4
g - Blink                 Tloc           70%        N/A       2%          2
h - Arcjolt               Conj/Air       53%        1d63      1%          5
i - Yara's Violent Unrav  Hex/Tmut       30%        3d13      2%          5
j - Freezing Cloud        Conj/Ice/Air   49%        6-21      1%          5
k - Irradiate             Conj/Tmut      40%        3d25      1%          5
l - Iskenderun's Mystic   Conj/Tloc      65%        2d13      1%          4

Your spell library contained the following spells:

 Spells                   Type           Power      Damage    Failure   Level
 Lehudib's Crystal Spear  Conj/Erth      42%        10d10     41%         8
 Ignition                 Fire           17%        3d7       100%        8
 Sting                    Tmut/Pois      100%       1d8       0%          1
 Poisonous Vapours        Pois/Air       100%       N/A       0%          2
 Kiss of Death            Conj/Necr      100%       2d13      1%          1
 Necrotise                Necr           100%       1d9       1%          1
 Shock                    Conj/Air       100%       1d9       1%          1
 Slow                     Hex            100%       N/A       1%          1
 Cigotuvi's Dreadful Rot  Necr/Pois/Air  100%       N/A       1%          2
 Ensorcelled Hibernation  Hex/Ice        100%       N/A       1%          2
 Momentum Strike          Conj/Tloc      100%       3d10      1%          2
 Passwall                 Tmut/Erth      67%        N/A       1%          2
 Static Discharge         Conj/Air       100%       2-7/arc   1%          2
 Wereblood                Tmut           78%        N/A       1%          2
 Dazzling Flash           Conj/Hex       100%       N/A       1%          3
 Ignite Poison            Fire/Tmut/Pois 81%        N/A       1%          3
 Ozocubu's Armour         Ice            62%        N/A       1%          3
 Swiftness                Air            100%       N/A       1%          3
 Vhi's Electric Charge    Tloc/Air       100%       N/A       1%          3
 Volatile Blastmotes      Fire/Tloc      70%        2d15      1%          3
 Sticky Flame             Conj/Fire      65%        2d8       1%          4
 Blade Hands              Tmut           39%        N/A       1%          5
 Eringya's Noxious Bog    Tmut/Pois      48%        N/A       1%          6
 Lesser Beckoning         Tloc           70%        N/A       2%          2
 Sublimation of Blood     Necr           35%        N/A       2%          2
 Confusing Touch          Hex            35%        N/A       4%          3
 Gell's Gravitas          Tloc           35%        N/A       4%          3
 Teleport Other           Tloc           35%        N/A       4%          3
 Vampiric Draining        Necr           35%        2d8       4%          3
 Borgnjor's Vile Clutch   Necr/Erth      32%        N/A       6%          5
 Plasma Beam              Fire/Air       42%        2x1d61    9%          6
 Starburst                Conj/Fire      32%        6d10      9%          6
 Summon Forest            Summ/Tloc      27%        N/A       13%         5
 Anguish                  Hex/Necr       17%        N/A       16%         4
 Animate Dead             Necr           35%        N/A       16%         4
 Cause Fear               Hex            17%        N/A       16%         4
 Dispel Undead            Necr           35%        3d15      16%         4
 Manifold Assault         Tloc           35%        N/A       16%         4
 Metabolic Englaciation   Hex/Ice        25%        N/A       19%         5
 Storm Form               Tmut/Air       51%        N/A       34%         7
 Maxwell's Capacitive Co  Air            53%        ∞         41%         8
 Dragon Form              Tmut           39%        N/A       45%         7
 Ozocubu's Refrigeration  Ice            31%        4d14      50%         7
 Simulacrum               Ice/Necr       25%        N/A       71%         6
 Summon Hydra             Summ           34%        N/A       75%         7
 Dispersal                Tloc           17%        N/A       94%         6
 Enfeeble                 Hex            17%        N/A       100%        7
 Borgnjor's Revivificati  Necr           17%        N/A       100%        8
 Disjunction              Tloc           17%        N/A       100%        8
 Infestation              Necr           17%        N/A       100%        8
 Necromutation            Tmut/Necr      30%        N/A       100%        8
 Chain Lightning          Conj/Air       53%        3d70      99%         9
 Death's Door             Necr           17%        N/A       100%        9
 Fire Storm               Conj/Fire      32%        8d8       100%        9
 Polar Vortex             Ice            31%        N/A       100%        9
 Animate Armour           Summ/Erth      Unusable   N/A       N/A         4

Dungeon Overview and Level Annotations

Branches:
Dungeon (15/15)            Temple (1/1) D:7            Lair (5/5) D:10
 Shoals (4/4) Lair:3        Snake (0/4) Lair:2        Slime (0/5) Lair:5
    Orc (2/2) D:12            Elf (3/3) Orc:2        Vaults (5/5) D:14
  Crypt (3/3) Vaults:2       Tomb (0/3) Crypt:3      Depths (0/4) D:15
  Sewer (visited)         Gauntlet (visited)

Altars:
Ashenzari
Cheibriados
Dithmenos
Elyvilon
Fedhas
Gozag
Hepliaklqana
Kikubaaqudgha
Makhleb
Nemelex Xobeh
Okawaru
Qazlal
Ru
Sif Muna
Trog
Uskayaw
Vehumet
Wu Jian
Xom
Yredelemnul
Zin
The Shining One
Jiyva

Shops:
D:2 !   D:6 [?:*   D:11 ?   D:12 [   Orc:2 (*(?   Elf:2 (   Elf:3 *
Shoals:1 [   Vaults:2 :   Vaults:3 *

Annotations:
D:5 Menkaure
D:7 3 runed translucent doors, OlManJenkins's ghost, novice HuIE
D:11 3 runed translucent doors, hawkwood's ghost, journeyman DgAr
Lair:1 2 transporters
Lair:2 porpoise's ghost, journeyman DsWn
Lair:4 1 runed translucent door, Egemog's ghost, journeyman MiBe
Elf:2 3 runed translucent doors
Crypt:1 5 transporters
Crypt:2 2 transporters, Zoalos's ghost, veteran GrEE


Innate Abilities, Weirdness & Mutations

You cannot wear most types of armour.
You are amphibious.
You can wear up to eight rings at the same time.
Your skin changes colour to match your surroundings (Stealth+).
Your rubbery body absorbs attacks. (AC +1, EV +1)
((You are camouflaged when in or above water. (Stealth+)))
You have tentacles for arms and can constrict up to eight enemies at once.
You are robust. (+10% HP)


Message History

The titan completely resists.
The bolt of lightning hits your butterfly!
Your butterfly dies!
Your butterfly disappears in a burst of colours!
The vault warden is engulfed in poison gas.
The vault warden is poisoned.
The hell knight is engulfed in poison gas.
The hell knight looks even sicker.
The hell knight is engulfed in poison gas.
The hell knight looks as sick as possible!
The hell knight shouts!
The hell knight hits you with a +5 demon blade!!
* * * LOW HITPOINT WARNING * * *
A tengu reaver comes into view.
It is wielding a +2 heavy broad axe and wearing a +4 ring mail of positive energy.
You hear a shout! x4
You feel better.
You constrict the hell knight.
You kill the hell knight!
Vehumet accepts your kill.
You feel your power returning.
A freezing mist starts to gather...
The titan is engulfed in poison gas.
The titan looks even sicker.
The hell knight is engulfed in poison gas.
The hell knight looks even sicker.
The storm dragon is engulfed in poison gas.
The storm dragon looks as sick as possible!
You block the storm dragon's attack. The storm dragon closely misses you.
The storm dragon tramples you!
* * * LOW HITPOINT WARNING * * *
You hold your ground!
The vault warden activates a sealing rune.
The tengu reaver is engulfed in poison gas.
The tengu reaver is poisoned.
The titan misses you.
A hell knight simulacrum comes into view.
You feel better.
The storm dragon's soul is no longer bound.
The hell knight is engulfed in poison gas.
The hell knight looks as sick as possible!
The titan is engulfed in poison gas.
The titan looks even sicker.
The titan is engulfed in poison gas.
The titan is poisoned.
The titan hits you!!
You die...

.
#........C#
...# #
#.......#
..#
#'......#
..# .
....'#.....#
. ...
###...# .
##..# ##[#
#C# ##@#
##pD#


#ppD# #§§pZC# +§oo.CC#... #..## #..§..pQ#....#.... .§§.....D#..p.#C...
.☼§§..☼.○#....#..## .........#..)p#.... You could see a shadow dragon (soul
bound), 3 titans, 2 storm dragons, a stone giant (soul bound, poisoned), 2 vault
wardens, a tengu reaver (poisoned), a hell knight (fast, soul bound, extremely
poisoned), a vault sentinel (soul bound, resistant, catching breath), a
necromancer, 2 orc warriors and a hell knight simulacrum.

Vanquished Creatures
  2 ancient liches
  Boris (Crypt:2)
  2 bone dragons (Crypt:3)
  Jorgrun (Elf:1)
  Rupert (D:13)
  3 tentacled monstrosities
  2 deep elf blademasters (Elf:3)
  8 liches
  A shard shrike skeleton (Crypt:3)
  A deep elf master archer (Elf:3)
  A titan (Vaults:5)
  6 ancient champions
  5 krakens
  Kirke (Lair:4)
  Agnes (Elf:1)
  A storm dragon (Vaults:5)
  4 revenants (Crypt:2)
  Ilsuiw (Shoals:4)
  A shadow dragon (Vaults:4)
  4 deep elf sorcerers (Elf:3)
  3 frost giants
  9 vault wardens
  A fire giant (Vaults:5)
  A caustic shrike zombie (Crypt:3)
  6 deep elf elementalists (Elf:3)
  A curse skull (Crypt:3)
  A juggernaut zombie (Crypt:2)
  2 ghouls (Crypt:3)
  20 ironbound preservers
  2 orc warlords
  A caustic shrike skeleton (Crypt:3)
  A stone giant (Vaults:5)
  2 war gargoyles
  A juggernaut skeleton (Crypt:3)
  5 ironbound thunderhulks
  3 deep elf demonologists (Elf:3)
  Azrael (Elf:1)
  3 dire elephants
  7 vampire knights
  A minotaur (Gauntlet)
  6 deep elf annihilators
  3 merfolk javelineers
  9 merfolk impalers
  A fire dragon (D:15)
  A crystal guardian (Vaults:3)
  8 eidola
  A quicksilver dragon zombie (Crypt:3)
  3 deep elf high priests
  An entropy weaver (Vaults:5)
  5 deep elf death magi
  2 spriggan zombies
  2 great orbs of eyes
  24 vault guards
  10 yaktaur captains
  5 jiangshi
  2 mummy priests
  2 quicksilver dragon skeletons (Crypt:3)
  Erolcha (Orc:2)
  4 hydras
  2 fenstrider witch skeletons (Crypt:3)
  3 spriggan skeletons
  A peacekeeper (Vaults:3)
  An ice dragon (D:15)
  An ogre mage (D:15)
  3 satyrs (Shoals:2)
  2 merfolk avatars
  Erica (D:8)
  8 centaur warriors
  9 merfolk aquamancers
  4 two-headed ogres
  5 ironbound frosthearts
  8 death yaks
  6 boulder beetles
  8 dancing weapons
  A death yak (shapeshifter) (Vaults:5)
  A titan zombie (Vaults:4)
  3 death knights
  A deep troll shaman (Lair:5)
  2 deep troll earth magi
  6 vampire magi
  9 deep elf knights
  2 soul eaters (Crypt:2)
  3 skysharks
  2 hell knights (Vaults:5)
  A titan skeleton (Crypt:3)
  Sonja (D:10)
  5 shadow wraiths
  47 skeletal warriors
  An anaconda zombie (Crypt:2)
  6 sea snakes
  A storm dragon skeleton (Crypt:3)
  An anaconda skeleton (Crypt:3)
  34 deep trolls
  6 flayed ghosts
  13 deep elf archers
  A glowing orange brain (Vaults:1)
  An orb spider (shapeshifter) (Elf:2)
  5 lindwurms
  2 wizards
  9 harpies
  10 deep elf zephyrmancers
  A steelbarb worm (shapeshifter) (Vaults:5)
  5 necromancers
  An iron giant skeleton (Crypt:3)
  13 deep elf pyromancers
  11 orc knights
  15 ironbound convokers
  A stone giant zombie (Crypt:3)
  12 phantasmal warriors
  A jorogumo zombie (Crypt:1)
  5 shadow dragon skeletons
  A broodmother zombie (Crypt:1)
  7 manticores
  A tengu skeleton (Vaults:4)
  A wolf spider (shapeshifter) (Vaults:5)
  11 fauns
  12 ugly things
  A cyclops (D:15)
  A sphinx skeleton (Vaults:2)
  6 elephants
  5 merfolk sirens
  A jorogumo skeleton (Crypt:2)
  A centaur zombie (Crypt:3)
  5 vault sentinels
  3 black mambas
  A dire elephant zombie (Crypt:2)
  2 gargoyles
  2 water nymphs
  2 dire elephant skeletons (Crypt:3)
  A centaur skeleton (Crypt:3)
  A torpor snail (Lair:5)
  3 cane toads
  2 alligator snapping turtle zombies
  2 rime drakes
  2 catoblepas zombies
  An efreet (D:15)
  An unseen horror (D:12)
  2 elf zombies
  4 komodo dragons
  An orb spider zombie (Crypt:1)
  An alligator snapping turtle skeleton (Crypt:3)
  22 yaktaurs
  4 freezing wraiths (Crypt:1)
  A human skeleton (Vaults:3)
  5 guardian mummies (Crypt:3)
  6 wind drakes
  29 merfolk
  A yaktaur skeleton (Vaults:3)
  A meliai (D:14)
  8 trolls
  A pale draconian skeleton (Crypt:3)
  A harpy zombie (Crypt:1)
  Prince Ribbit (D:5)
  3 polar bears
  A mana viper skeleton (Crypt:3)
  2 hydra skeletons (Crypt:3)
  3 harpy skeletons (Crypt:3)
  2 human simulacra (Vaults:3)
  4 blink frogs
  5 snapping turtles
  18 slime creatures
  12 flying skulls
  A black mamba zombie (Crypt:2)
  5 air elementals
  A jumping spider (shapeshifter) (D:15)
  6 wraiths
  7 water elementals
  3 wyverns
  A shadow (D:12)
  23 yaks
  3 vampires
  3 fire elementals (Elf:1)
  2 basilisks
  A fire bat (D:7)
  13 humans (D:14)
  A spectral komodo dragon (Lair:2)
  5 hogs (Lair:4)
  A human (shapeshifter) (Elf:3)
  6 vampire mosquitoes
  2 wargs (Orc:2)
  6 water moccasins
  An entropy weaver zombie (Crypt:1)
  A faun skeleton (Crypt:3)
  A hell hound (Elf:1)
  26 orc warriors
  2 sky beasts
  2 black bears
  A dream sheep zombie (Crypt:3)
  2 ice beasts (D:6)
  An elf simulacrum (Vaults:4)
  2 centaurs
  25 wolves
  A swamp dragon skeleton (Crypt:2)
  6 ogres
  A torpor snail zombie (Crypt:3)
  A phantom (D:7)
  Blork the orc (D:6)
  3 nameless horrors
  An earth elemental (Elf:2)
  A necrophage (Crypt:3)
  11 bullfrogs
  2 gnoll sergeants
  A komodo dragon skeleton (Crypt:3)
  2 scorpions
  2 troll zombies (D:12)
  5 killer bees (D:7)
  A shapeshifter skeleton (Crypt:3)
  A yak zombie (Crypt:3)
  2 electric eels (Lair:3)
  3 jellies
  7 hounds
  12 orc priests
  4 gnoll boudas
  Jessica (D:3)
  2 sleepcaps
  Natasha (thrice) (D:2)
  Terence (D:3)
  4 iguanas
  16 orc wizards
  2 hell rats (D:10)
  4 ogre zombies (D:12)
  25 gnolls
  13 adders
  A river rat (D:4)
  2 swamp drake skeletons
  A white imp (D:5)
  An adder skeleton (Crypt:2)
  A worm (D:2)
  3 dart slugs
  48 orcs
  7 ball pythons
  A bat skeleton (Crypt:1)
  A bat zombie (Crypt:2)
  2 endoplasms (D:1)
  20 giant cockroaches
  11 goblins
  8 hobgoblins
  6 jackals (D:1)
  10 quokkas
  2 bats
  13 frilled lizards
  A gnoll skeleton (Crypt:2)
  A goblin zombie (D:12)
  2 hobgoblin skeletons (D:12)
  6 kobolds
  4 orc zombies (D:12)
  A quokka skeleton (Crypt:1)
  3 rats
  6 tentacles
1178 creatures vanquished.

Vanquished Creatures (collateral kills)
  A deep elf master archer (Elf:3)
  2 krakens
  A sphinx (Vaults:4)
  A fire giant (Vaults:1)
  A deep elf sorcerer (Elf:3)
  3 vault wardens
  An orc warlord (Vaults:1)
  4 ironbound preservers
  2 vampire knights (Crypt:1)
  2 ironbound thunderhulks (Vaults:3)
  2 very ugly things (Vaults:1)
  5 dire elephants
  A deep elf annihilator (Elf:1)
  2 merfolk impalers
  An entropy weaver (Vaults:4)
  2 great orbs of eyes
  A fire dragon (Lair:2)
  2 yaktaur captains
  4 hydras
  A catoblepas (Lair:5)
  3 merfolk aquamancers
  2 vault guards
  8 centaur warriors
  2 ironbound frosthearts
  2 boulder beetles
  2 two-headed ogres
  A death knight (D:15)
  An Orb Guardian skeleton (Crypt:2)
  3 death yaks
  A deep troll earth mage (Vaults:3)
  5 skysharks
  5 deep elf knights (Elf:1)
  3 skeletal warriors
  Lodul (D:14)
  A ghost moth zombie (Crypt:1)
  23 deep trolls
  2 sea snakes (Shoals:4)
  2 deep elf archers
  4 lindwurms
  2 ironbound convokers (Vaults:1)
  2 phantasmal warriors (D:15)
  6 orc knights
  6 ugly things
  2 necromancers
  9 deep elf pyromancers
  3 cyclopes
  A human zombie (Vaults:2)
  10 deep elf zephyrmancers (Elf:1)
  A faun (Shoals:1)
  3 merfolk sirens
  2 manticores
  3 black mambas
  5 cane toads
  2 water nymphs
  An apocalypse crab (Gauntlet)
  6 vault sentinels
  4 rime drakes
  A komodo dragon (Lair:2)
  11 yaktaurs
  2 freezing wraiths
  A guardian mummy (Crypt:3)
  5 merfolk
  3 polar bears (Lair:5)
  2 trolls
  2 blink frogs (Lair:5)
  2 wind drakes
  13 snapping turtles
  A shadow dragon simulacrum (Vaults:4)
  A harpy skeleton (Crypt:2)
  5 dream sheep (Lair:5)
  2 centaur simulacra
  A spectral black mamba (Lair:2)
  9 slime creatures
  7 yaks
  An ettin skeleton (Vaults:4)
  2 wraiths
  A water elemental (Shoals:1)
  A vampire (Crypt:1)
  A spectral komodo dragon (Lair:2)
  A basilisk (D:12)
  A fire elemental (Elf:1)
  7 vampire mosquitoes
  A hog (Lair:4)
  3 humans (D:14)
  6 wargs (Orc:2)
  6 water moccasins
  5 orc warriors (Orc:2)
  2 glowing shapeshifter skeletons (Vaults:4)
  A black bear (shapeshifter) (Elf:2)
  3 ogres (D:14)
  4 wolves (Lair:3)
  2 phantoms (D:12)
  A troll zombie (D:12)
  A troll skeleton (Crypt:1)
  2 orc priests
  A nameless horror (Lair:3)
  An ogre zombie (D:12)
  6 orcs
  A goblin skeleton (D:12)
  3 goblin zombies (D:12)
  3 hobgoblin skeletons (D:12)
  A hobgoblin zombie (D:12)
  10 orc zombies (D:12)
  4 tentacles
328 creatures vanquished.

Vanquished Creatures (others)
  2 deep elf knights
  A deep elf pyromancer (Elf:1)
  A deep elf zephyrmancer (Elf:1)
  A merfolk (Shoals:2)
  32 tentacles
37 creatures vanquished.

Grand Total: 1543 creatures vanquished

Notes
Turn   | Place    | Note
-------+----------+-------------------------------------------
     0 | D:1      | Strat the Octopode Venom Mage began the quest for the Orb.
     0 | D:1      | Reached XP level 1. HP: 11/11 MP: 3/3
    98 | D:1      | Reached XP level 2. HP: 14/17 MP: 1/5
   153 | D:1      | Learned a level 2 spell: Poisonous Vapours
   241 | D:1      | Found a faded altar of an unknown god.
   428 | D:1      | Reached XP level 3. HP: 18/21 MP: 3/6
  1444 | D:2      | Learned a level 3 spell: Mephitic Cloud
  1608 | D:2      | Found Belees Luok's Distillery.
  1628 | D:2      | Reached XP level 4. HP: 25/27 MP: 3/7
  1635 | D:2      | Bought a potion of curing for 30 gold pieces
  1635 | D:2      | Bought a potion of heal wounds for 50 gold pieces
  1738 | D:2      | Noticed Natasha
  1804 | D:2      | Killed Natasha
  1805 | D:2      | Reached skill level 5 in Poison Magic
  2015 | D:2      | Noticed Natasha
  2023 | D:2      | Killed Natasha
  2024 | D:2      | Reached XP level 5. HP: 3/31 MP: 2/9
  2116 | D:2      | Noticed Natasha
  2152 | D:2      | Killed Natasha
  2320 | D:3      | Noticed Jessica
  2329 | D:3      | Killed Jessica
  2395 | D:3      | Noticed Terence
  2441 | D:3      | Killed Terence
  2875 | D:4      | Reached XP level 6. HP: 31/36 MP: 5/10
  2903 | D:4      | Learned a level 4 spell: Olgreb's Toxic Radiance
  3011 | D:4      | Found a glowing drain.
  3021 | Sewer    | Entered a sewer
  3056 | Sewer    | Reached skill level 5 in Stealth
  3328 | Sewer    | Reached XP level 7. HP: 23/41 MP: 1/12
  5030 | D:5      | Entered Level 5 of the Dungeon
  5030 | D:5      | Noticed Prince Ribbit
  5253 | D:5      | Noticed Menkaure
  5434 | D:5      | Killed Prince Ribbit
  5435 | D:5      | Reached XP level 8. HP: 33/46 MP: 2/15
  5699 | D:5      | Reached skill level 5 in Spellcasting
  6154 | D:5      | Found a broken altar of Ashenzari.
  6523 | D:5      | Reached skill level 10 in Poison Magic
  6663 | D:6      | Found Gecielai's Antique Armour Shop.
  7160 | D:6      | Found Huqaz's General Store.
  7167 | D:6      | Bought a scroll of teleportation for 45 gold pieces
  7167 | D:6      | Bought a scroll of teleportation for 45 gold pieces
  7181 | D:6      | Found an ancient bone altar of Kikubaaqudgha.
  7288 | D:6      | Found Anenul's Magic Scroll Shop.
  7291 | D:6      | Bought a scroll of fog for 48 gold pieces
  7342 | D:6      | Reached XP level 9. HP: 26/51 MP: 13/18
  7450 | D:6      | Noticed Blork the orc
  7468 | D:6      | Killed Blork the orc
  7674 | D:6      | Found Zufitt's Book Emporium.
  7944 | D:7      | Found a stormy altar of Qazlal.
  8042 | D:7      | Found a staircase to the Ecumenical Temple.
  8089 | D:7      | Reached skill level 1 in Fighting
  8188 | D:7      | Reached skill level 1 in Conjurations
  8592 | D:7      | Found a runed translucent gate.
  8601 | D:7      | Found a runed translucent gate.
  8602 | D:7      | Found a runed translucent gate.
  8605 | D:7      | Noticed OlManJenkins's ghost (novice HuIE)
  8792 | Temple   | Entered the Ecumenical Temple
  9066 | Temple   | Became a worshipper of Vehumet
 10393 | D:8      | Noticed Erica
 10412 | D:8      | Killed Erica
 10413 | D:8      | Reached XP level 10. HP: 65/65 MP: 10/21
 10532 | D:8      | Reached skill level 5 in Fighting
 11217 | D:9      | Noticed a two-headed ogre
 11236 | D:9      | Killed a two-headed ogre
 11615 | D:9      | Found a sparkling altar of Nemelex Xobeh.
 11615 | D:9      | Found a glowing golden altar of the Shining One.
 11616 | D:9      | Found a sacrificial altar of Ru.
 11871 | D:9      | Noticed an angel
 11874 | D:9      | Found a glowing silver altar of Zin.
 12163 | D:9      | Noticed a gargoyle
 12319 | D:10     | Entered Level 10 of the Dungeon
 12324 | D:10     | Reached * piety under Vehumet
 12324 | D:10     | Offered knowledge of Freeze by Vehumet.
 12337 | D:10     | Noticed Sonja
 12426 | D:10     | Killed Sonja
 12556 | D:10     | Found a hazy altar of Hepliaklqana.
 12605 | D:10     | Noticed a death yak
 12605 | D:10     | Noticed a death yak
 12709 | D:10     | Noticed a death yak
 12788 | D:10     | Killed a death yak
 12789 | D:10     | Reached XP level 11. HP: 53/75 MP: 10/24
 12810 | D:10     | Killed a death yak
 13036 | D:10     | Found a staircase to the Lair.
 13071 | D:10     | Killed a death yak
 13869 | D:11     | Found a runed translucent gate.
 13869 | D:11     | Found a runed translucent gate.
 13869 | D:11     | Found a runed translucent gate.
 14413 | D:11     | Reached skill level 10 in Spellcasting
 14427 | D:11     | Learned a level 4 spell: Airstrike
 14446 | D:11     | Found Kefovew's Magic Scroll Shoppe.
 14702 | Lair:1   | Entered Level 1 of the Lair of Beasts
 14794 | Lair:1   | Reached skill level 1 in Air Magic
 14874 | Lair:1   | Offered knowledge of Scorch by Vehumet.
 14875 | Lair:1   | Reached ** piety under Vehumet
 15351 | Lair:1   | Learned a level 4 spell: Summon Lightning Spire
 15819 | Lair:1   | Found a transporter.
 15820 | Lair:1   | Noticed a swamp dragon
 15887 | Lair:1   | Reached skill level 1 in Summonings
 15970 | Lair:1   | Found a transporter.
 15982 | Lair:1   | Reached XP level 12. HP: 85/85 MP: 15/26
 16186 | Lair:1   | Noticed a seven-headed hydra
 16194 | Lair:1   | Killed a seven-headed hydra
 16222 | Lair:1   | Noticed a five-headed hydra
 16266 | Lair:1   | Killed a five-headed hydra
 16730 | Lair:2   | Found a runed translucent gate.
 16730 | Lair:2   | Found a runed translucent gate.
 16757 | Lair:2   | Found a runed translucent gate.
 16758 | Lair:2   | Noticed porpoise's ghost (journeyman DsWn)
 17266 | Lair:2   | Noticed a skyshark
 17281 | Lair:2   | Offered knowledge of Momentum Strike by Vehumet.
 17283 | Lair:2   | Killed a skyshark
 17423 | Lair:2   | Reached skill level 5 in Dodging
 17451 | Lair:2   | Noticed a six-headed hydra
 17489 | Lair:2   | a six-headed hydra changed into a fire dragon
 17489 | Lair:2   | Noticed a fire dragon
 17496 | Lair:2   | Killed a fire dragon
 17585 | Lair:2   | Found a staircase to the Snake Pit.
 17721 | Lair:2   | Reached skill level 5 in Air Magic
 18565 | Lair:3   | Reached skill level 10 in Fighting
 18799 | Lair:3   | Identified the +11 dagger of Vuust {flame, *Corrode rElec
                  | Will+ Int+2}
 19126 | Lair:3   | Noticed a skyshark
 19132 | Lair:3   | Killed a skyshark
 19836 | Lair:3   | Reached XP level 13. HP: 92/92 MP: 19/27
 19915 | Lair:3   | Found a staircase to the Shoals.
 20651 | Lair:4   | Reached skill level 15 in Poison Magic
 20941 | Lair:4   | Found a runed translucent door.
 20995 | Lair:4   | Noticed Egemog's ghost (journeyman MiBe)
 20998 | Lair:4   | Identified the +5 trident of Objectivity {flame, rPois rN+
                  | rCorr}
 21034 | Lair:4   | Noticed Kirke
 21046 | Lair:4   | Killed Kirke
 21574 | Lair:4   | Reached *** piety under Vehumet
 21838 | Lair:5   | Entered Level 5 of the Lair of Beasts
 21847 | Lair:5   | Reached skill level 10 in Dodging
 21942 | Lair:5   | Reached skill level 1 in Shields
 22388 | Lair:5   | Offered knowledge of Fulminant Prism by Vehumet.
 22899 | Lair:5   | Found a viscous altar of Jiyva.
 22900 | Lair:5   | Found a staircase to the Slime Pits.
 22909 | Lair:5   | Reached **** piety under Vehumet
 22937 | Lair:5   | Offered knowledge of Lee's Rapid Deconstruction by Vehumet.
 23340 | Lair:5   | Reached XP level 14. HP: 101/101 MP: 17/28
 24387 | Lair:5   | Learned a level 2 spell: Blink
 24394 | Lair:5   | Learned a level 6 spell: Eringya's Noxious Bog
 25438 | D:11     | Noticed hawkwood's ghost (journeyman DgAr)
 25612 | D:12     | Found a staircase to the Orcish Mines.
 26975 | D:12     | Found Qiynakk's Antique Armour Shop.
 27680 | D:13     | Noticed Rupert
 27783 | D:13     | Killed Rupert
 27824 | D:13     | Reached ***** piety under Vehumet
 27824 | D:13     | Offered knowledge of Flame Wave by Vehumet.
 27978 | Orc:1    | Entered Level 1 of the Orcish Mines
 28279 | Orc:2    | Entered Level 2 of the Orcish Mines
 28487 | Orc:2    | Noticed Erolcha
 28496 | Orc:2    | Killed Erolcha
 29435 | Orc:2    | Offered knowledge of Yara's Violent Unravelling by Vehumet.
 29549 | Orc:2    | Learned a level 5 spell: Yara's Violent Unravelling
 29738 | Orc:2    | Found Koled's Antique Weapon Shoppe.
 29738 | Orc:2    | Found Camy's General Store.
 29752 | Orc:2    | Bought a scroll of teleportation for 36 gold pieces
 29752 | Orc:2    | Bought a potion of heal wounds for 60 gold pieces
 29954 | Orc:2    | Reached XP level 15. HP: 107/110 MP: 24/32
 30169 | Orc:2    | Found a staircase to the Elven Halls.
 30340 | Orc:2    | Found Jydd's Magic Scroll Boutique.
 30340 | Orc:2    | Found Jaic's Antique Weapon Shoppe.
 31586 | D:14     | Found a gate to the Vaults.
 31838 | D:14     | Found a gate leading to a gauntlet.
 31900 | Gauntlet | Entered a Gauntlet
 31900 | Gauntlet | Found a transporter.
 31900 | Gauntlet | Found a transporter.
 31900 | Gauntlet | Found a runed translucent door.
 31900 | Gauntlet | Found a runed translucent door.
 31936 | Gauntlet | Found a runed translucent door.
 31937 | Gauntlet | Found a transporter.
 31938 | Gauntlet | Found a runed translucent door.
 31949 | Gauntlet | Found a transporter.
 31966 | Gauntlet | Found a transporter.
 31967 | Gauntlet | Found a transporter.
 31967 | Gauntlet | Found a transporter.
 31969 | Gauntlet | Found a transporter.
 31969 | Gauntlet | Found a transporter.
 31988 | Gauntlet | Found a transporter.
 31999 | Gauntlet | Found a transporter.
 32006 | Gauntlet | Found a transporter.
 32023 | Gauntlet | Found a transporter.
 32043 | Gauntlet | Found a transporter.
 32153 | Gauntlet | Identified the ring of Tomorrow {Ice rCorr Str+3 Int+3
                  | Slay-2}
 32401 | Gauntlet | Identified the ring "Emokok" {Contam MP+9 Str-4 Int+8
                  | Dex+6}
 32479 | D:14     | Reached skill level 5 in Transmutations
 33398 | D:14     | Noticed Lodul
 33405 | D:14     | Killed Lodul
 34097 | D:15     | Entered Level 15 of the Dungeon
 34593 | D:15     | Offered knowledge of Starburst by Vehumet.
 34865 | D:15     | Reached skill level 5 in Summonings
 35986 | D:15     | Found a staircase to the Depths.
 36204 | Lair:2   | Reached XP level 16. HP: 117/117 MP: 18/33
 36289 | Lair:2   | Identified the ring "Uwikaf" {EV+5 Dex+3}
 36444 | Shoals:1 | Entered Level 1 of the Shoals
 36606 | Shoals:1 | Identified a scroll of acquirement
 36606 | Shoals:1 | Acquired the +0 kite shield of the Lizard {Drain rF+ Str+6
                  | Stlth+}
 37441 | Shoals:1 | Noticed a kraken
 37451 | Shoals:1 | Killed a kraken
 37582 | Shoals:1 | Noticed a kraken
 37589 | Shoals:1 | Killed a kraken
 37676 | Shoals:1 | Found a runed translucent door.
 37682 | Shoals:1 | Noticed a kraken
 37704 | Shoals:1 | Killed a kraken
 37777 | Shoals:1 | Noticed a kraken
 37793 | Shoals:1 | Killed a kraken
 37888 | Shoals:1 | Noticed a kraken
 38180 | Shoals:1 | Found Qiadack's Antique Armour Shoppe.
 38632 | Shoals:1 | Identified the +7 plate armour of the Gate {-Tele rPois
                  | Regen+}
 38879 | Shoals:1 | Killed a kraken
 40257 | Shoals:2 | Offered knowledge of Iskenderun's Battlesphere by Vehumet.
 40983 | Shoals:3 | Noticed a kraken
 40993 | Shoals:3 | Killed a kraken
 40994 | Shoals:3 | Reached XP level 17. HP: 122/122 MP: 21/35
 41689 | Shoals:3 | Noticed a kraken
 41726 | Shoals:3 | Killed a kraken
 41727 | Shoals:3 | Reached skill level 15 in Spellcasting
 41938 | Shoals:4 | Entered Level 4 of the Shoals
 42064 | Shoals:4 | Learned a level 5 spell: Freezing Cloud
 42246 | Shoals:4 | Reached skill level 1 in Ice Magic
 42391 | Shoals:4 | Identified the +7 short sword of Ragnarok {holy, rN+}
 42432 | Shoals:4 | Reached skill level 5 in Shields
 43344 | Shoals:4 | Noticed Ilsuiw
 44301 | Shoals:4 | Reached skill level 5 in Conjurations
 44369 | Shoals:4 | Killed Ilsuiw
 44788 | Shoals:4 | Identified the staff of conjuration "Ihutzinu" {*Slow Int+4
                  | Dex+5}
 44802 | Shoals:4 | Got a barnacled rune of Zot
 44882 | Shoals:4 | Identified the staff of conjuration "Riogeink" {Fly rPois
                  | Stlth+}
 45352 | Shoals:4 | Reached skill level 1 in Evocations
 45787 | Vaults:1 | Entered Level 1 of the Vaults
 46349 | Vaults:1 | Offered knowledge of Conjure Ball Lightning by Vehumet.
 47201 | Vaults:1 | Reached XP level 18. HP: 128/128 MP: 35/37
 47426 | Vaults:1 | Reached skill level 5 in Evocations
 49301 | Vaults:2 | Paralysed by a great orb of eyes for 3 turns
 49311 | Vaults:2 | Paralysed by a great orb of eyes for 2 turns
 49572 | Vaults:2 | Offered knowledge of Plasma Beam by Vehumet.
 49581 | Vaults:2 | Reached skill level 1 in Staves
 50097 | Vaults:2 | Found a staircase to the Crypt.
 50097 | Vaults:2 | Found an ancient bone altar of Kikubaaqudgha.
 50098 | Vaults:2 | Found a basalt altar of Yredelemnul.
 50319 | Vaults:2 | Reached skill level 10 in Shields
 51090 | Vaults:2 | Found Lythuq's Book Shoppe.
 51094 | Vaults:2 | Bought a book of Transfigurations for 560 gold pieces
 51100 | Vaults:2 | Learned a level 5 spell: Irradiate
 51105 | Vaults:2 | Learned a level 4 spell: Iskenderun's Mystic Blast
 51857 | Vaults:3 | Noticed a lich
 53009 | Vaults:3 | Killed a lich
 53123 | Vaults:3 | Reached XP level 19. HP: 114/134 MP: 16/38
 53461 | Vaults:3 | Reached skill level 10 in Conjurations
 54113 | Vaults:3 | Reached skill level 5 in Staves
 54361 | Vaults:3 | Got the Octavo of Airy Locality
 54402 | Vaults:3 | Offered knowledge of Ozocubu's Refrigeration by Vehumet.
 54492 | Vaults:3 | Paralysed by a great orb of eyes for 4 turns
 54903 | Vaults:3 | Reached skill level 10 in Evocations
 55301 | Vaults:3 | Found Eneeliva's Assorted Antiques.
 57228 | Vaults:4 | Reached XP level 20. HP: 108/140 MP: 30/39
 58400 | Elf:1    | Entered Level 1 of the Elven Halls
 58530 | Elf:1    | Found a radiant altar of Vehumet.
 58611 | Elf:1    | Noticed Jorgrun
 58620 | Elf:1    | Killed Jorgrun
 58825 | Elf:1    | Noticed Azrael
 58863 | Elf:1    | Noticed Agnes
 58880 | Elf:1    | Killed Agnes
 59835 | Elf:1    | Got the Folio of the Volley
 59840 | Elf:1    | Learned a level 3 spell: Stone Arrow
 60218 | Elf:1    | Reached ****** piety under Vehumet
 60657 | Elf:1    | Killed Azrael
 60864 | Elf:2    | Offered knowledge of Lehudib's Crystal Spear by Vehumet.
 60864 | Elf:2    | Offered knowledge of Polar Vortex by Vehumet.
 60864 | Elf:2    | Offered knowledge of Ignition by Vehumet.
 61199 | Elf:2    | Found Ufidghip's Weapon Shop.
 61394 | Elf:2    | Found a runed translucent gate.
 61397 | Elf:2    | Found a runed translucent gate.
 61398 | Elf:2    | Found a runed translucent gate.
 61719 | Elf:2    | Paralysed by an air elemental for 1 turns
 62264 | Elf:3    | Entered Level 3 of the Elven Halls
 62390 | Elf:3    | Found Iloocri's General Store.
 62403 | Elf:3    | Found the amulet of the Four Winds {rN+ Will+++ Clar}
 62602 | Elf:3    | Bought a ring of poison resistance for 260 gold pieces
 62602 | Elf:3    | Bought a scroll of magic mapping for 97 gold pieces
 62602 | Elf:3    | Bought a potion of cancellation for 104 gold pieces
 62602 | Elf:3    | Bought a potion of mutation for 104 gold pieces
 62789 | Elf:3    | Identified the +0 battleaxe of the Spinneret {speed, rF+
                  | Int+4}
 63550 | Elf:3    | Identified the ring of Dichagroch {rC+ rCorr}
 63627 | Elf:3    | Identified the amulet of the Firefly {Reflect Will+ SH+5}
 64031 | Elf:3    | Reached XP level 21. HP: 94/149 MP: 25/41
 64637 | Elf:3    | Identified the +7 rapier of Nuunah {drain, Int+3}
 65268 | Elf:3    | Identified the staff of air "Ytihoint" {rElec Will+ Int+4}
 65271 | Elf:3    | Got the Catalogue of the Autopsy and Pestilence
 65589 | Elf:3    | Identified the staff of air "Hapless" {rElec Dex+4 Stlth+}
 65626 | Elf:3    | Learned a level 6 spell: Iron Shot
 65636 | Elf:3    | Identified the staff of conjuration "Sastrore" {Dex+3}
 65636 | Elf:3    | Identified the +0 robe of Vlad {Harm Fly Will++ Int-4}
 65636 | Elf:3    | Identified the ring "Byezaf" {Drain rPois rC++ Int+6
                  | Stlth+}
 66018 | Crypt:1  | Entered Level 1 of the Crypt
 66265 | Crypt:1  | Found a transporter.
 66277 | Crypt:1  | Found a transporter.
 66277 | Crypt:1  | Found a transporter.
 66278 | Crypt:1  | Noticed an ancient lich
 66477 | Crypt:1  | Reached skill level 1 in Earth Magic
 66589 | Crypt:1  | Found a transporter.
 66609 | Crypt:1  | Found a transporter.
 66860 | Crypt:1  | Identified the +4 cloak of Greed {Rampage Str-5 Dex-2 SInv}
 67628 | Crypt:1  | Reached skill level 5 in Earth Magic
 68851 | Crypt:2  | Learned a level 5 spell: Arcjolt
 68962 | Crypt:2  | Found a transporter.
 69002 | Crypt:2  | Noticed Zoalos's ghost (veteran GrEE)
 69006 | Crypt:2  | Found a transporter.
 70875 | Crypt:2  | Reached skill level 10 in Earth Magic
 71116 | Crypt:2  | Noticed Boris
 71295 | Crypt:2  | Killed Boris
 71521 | Crypt:2  | Got the Folio of Necromantic Arts
 71718 | Crypt:3  | Entered Level 3 of the Crypt
 72515 | Crypt:3  | Reached XP level 22. HP: 154/155 MP: 31/42
 72783 | Crypt:3  | Gained mutation: You are robust. (+10% HP) [mutagenic glow]
 72863 | Crypt:3  | Reached skill level 15 in Fighting
 73605 | Crypt:3  | Found an ancient bone altar of Kikubaaqudgha.
 74136 | Crypt:3  | Found a staircase to the Tomb.
 74253 | Crypt:3  | Noticed an ancient lich
 74275 | Crypt:3  | Killed an ancient lich
 74954 | Crypt:3  | Identified the ring "Bopojyas" {rPois rN+ Str-5 Int+4
                  | Slay+3}
 74954 | Crypt:3  | Identified the ring of Asceticism {rN+ Str+5 Int+2 Dex-4
                  | Stlth+}
 74957 | Crypt:3  | Got the Elucidation of Evil Secrets
 76771 | Crypt:3  | Reached skill level 10 in Air Magic
 77570 | Vaults:5 | Entered Level 5 of the Vaults
 77571 | Vaults:5 | Noticed an ancient lich
 78810 | Vaults:4 | Killed an ancient lich
 78888 | Vaults:5 | Reached XP level 23. HP: 140/183 MP: 11/44
 79237 | Vaults:5 | Identified the +8 chain mail of Zin's Benevolence {Str+3
                  | Dex+3}
 79779 | Vaults:5 | Identified the +9 scimitar of the Head {vamp, rC+ Str+2}
 79816 | Vaults:5 | HP: 3/185 [hell knight/+5 demon blade (30)]
 79817 | Vaults:5 | HP: 1/185 [storm dragon (7)]
 79818 | Vaults:5 | Demolished by a titan

Illustrated notes

Levels and vault maps discovered:
D:1:      lightli_arrival_lavapool, layout_loops_ring, basic_ecumenical_altar
D:2:      layout_loops_ring, serial_shops, nicolae_shop_window_shopping,
          dreamdust_mushroom_princess, grunt_ministairs_9, uniq_natasha
D:3:      layout_rooms, uniq_terence, uniq_jessica
D:4:      layout_loops_corners, gup_sewer_entry_bubbles
D:5:      layout_rooms, mainiacjoe_overflow_cross_hatched, uniq_prince_ribbit1,
          uniq_menkaure
D:6:      layout_loops_cross, kiku_gazebo_garden_becter, serial_shops, shop,
          nicolae_shop_peninsula, nicolae_shop_window_shopping,
          nicolae_stop_n_shop_2, uniq_blork_the_orc
D:7:      layout_basic, nicolae_qazlal_scattered_showers,
          minmay_temple_entry_purple_smoke, enter_bailey_5,
          gammafunk_ghost_split, hellmonk_no_cap
D:8:      layout_cave_pods, uniq_erica
D:9:      layout_basic, zin_angel, gammafunk_temple_overflow_claw
D:10:     layout_roguey, mainiacjoe_overflow_surrounded_room,
          dpeg_lair_monsters, uniq_sonja
D:11:     layout_loops_ring, serial_shops, nicolae_shop_statue_plus,
          gammafunk_ghost_icy
D:12:     cheibrodos_statue_roulette, layout_basic, zombieorc2_lemuel,
          serial_shops, shop_statue, serial_rivers,
          chequers_serial_rivers_room_b, chequers_serial_rivers_large_b,
          chequers_serial_rivers_micro_a, chequers_serial_rivers_micro_d
D:13:     layout_rooms, uniq_rupert
D:14:     layout_cave_pools, david_vaults_3, gauntlet_entry_generic, uniq_lodul
D:15:     grunt_enter_depths_hoard, layout_basic, minmay_strange_pillars
Temple:   minmay_temple_curvy_branch
Lair:1:   gammafunk_cloud_chamber, layout_hall_layers,
          hangedman_lair_generics_rect, infiniplex_staircase_pool_2
Lair:2:   layout_cellular_growth, minmay_snake_entry_six_corridors,
          gammafunk_ghost_necromancy
Lair:3:   layout_cave_pods, minmay_shoals_entry_hut
Lair:4:   layout_loops_ring, ebering_ghost_funeral_grove, uniq_kirke
Lair:5:   grunt_lair_end_beastmaster, layout_loops_ring, slime_entry_1,
          minmay_stone_trees_small, grunt_megastairs_4
Shoals:1: nicolae_shoals_lighthouse, layout_shoals, serial_shops, shop,
          nicolae_shoals_kraken_intersection
Shoals:2: layout_shoals
Shoals:3: layout_shoals
Shoals:4: shoals_end_simple, layout_shoals, shoal_ilsuiw
Orc:1:    layout_caves
Orc:2:    st_orc_town, layout_caves, uniq_erolcha
Elf:1:    eino_elf_arrival_altar, layout_onion_city, minmay_elf_annihilation,
          glass_columns_a, uniq_agnes, uniq_azrael, uniq_jorgrun
Elf:2:    elven_hall_of_blades_hangedman_original
          [nicolae_blade_entry_antechamber], layout_geoelf_octagon,
          nicolae_stop_n_shop_1
Elf:3:    grunt_elf_hall_diamonds, layout_onion_city, serial_shops, shop
Vaults:1: vaults_room_fours, hangedman_vaults_hat,
          nicolae_vaults_storage_room_statues, hangedman_vaults_pinch,
          nicolae_vaults_ninety_degrees, nicolae_vaults_specimen_jars,
          st_diamondy, ontoclasm_vaults_twist, hangedman_vaults_restitches,
          v_alt_pattern_2, nicolae_vaults_apartment_2, vaults_dpeg_hooks,
          layout_vaults_ring
Vaults:2: nicolae_vaults_hexular_roomagon, minmay_crypt_entry_necro_gods,
          nicolae_vaults_apartment_1, nicolae_vaults_asterisk,
          vaults_room_large_hall, nicolae_vaults_hallways_thing,
          vaults_mumra_chevron_long, ontoclasm_vaults_pinch, vaults_dpeg_spiral,
          layout_vaults_omnigrid, serial_shops, nicolae_book_shop_shelving
Vaults:3: nicolae_vaults_border_crossing, nicolae_vaults_six-pack,
          nicolae_vaults_library_corner, ontoclasm_vaults_loading_screen,
          nicolae_vaults_diamond_1, nicolae_vaults_three_branches, v_misc_19,
          hangedman_vaults_maws, nicolae_vaults_two_Ls, hangedman_vaults_unwind,
          nicolae_vaults_trapezoid_4, v_misc_2, nicolae_vaults_little_squares_2,
          nicolae_vaults_little_squares_5, nicolae_vaults_little_squares_6,
          layout_vaults_maze, serial_shops, shop
Vaults:4: nicolae_vaults_storage_room_doors, vaults_room_stairs_pillars,
          nicolae_vaults_offset_grid_hallway_2,
          nicolae_vaults_storage_closets_1, v_rooms_4, nicolae_vaults_six-pack,
          v_rooms_1, nicolae_vaults_closet_pinwheel_6, v_alt_pattern_2,
          layout_vaults_big_cross
Vaults:5: uniq_saint_roka
Crypt:1:  gammafunk_the_bubble [the_bubble_gammafunk_roulette],
          layout_misc_corridors, st_vampire_maze
Crypt:2:  layout_misc_corridors, gammafunk_ghost_arena, special_room
          [special_room_morgue], weyrava_lich_vault, uniq_boris
Crypt:3:  church_of_pain_bobbens, layout_chaotic_city, tomb_entry_shell_bobbens,
          minicrypt_bobbens

Skill      XL: |  1  2  3  4  5  6  7  8  9 10 11 12 13 14 15 16 17 18 19 20 21 22 23 |
---------------+----------------------------------------------------------------------+-----
Stealth        | 3 4 5 |  5.0
Poison Magic   | 4 5 6 7 8 11 12 13 14 15 16 18 | 18.7
Spellcasting   | 3 4 6 7 9 10 13 14 15 16 17 18 | 18.0
Fighting       | 4 7 9 10 11 13 14 16 17 | 17.4
Conjurations   | 3 7 9 10 | 10.0
Air Magic      | 3 5 7 10 | 10.0
Dodging        | 3 7 10 12 13 | 13.0
Summonings     | 1 3 5 6 |  6.0
Shields        | 4 8 10 12 13 | 13.0
Transmutations | 2 5 8 |  8.0
Ice Magic      | 4 |  4.2
Evocations     | 4 8 10 | 10.0
Staves         | 3 8 |  8.1
Earth Magic    | 10 | 10.0

Action                     |  1- 3 |  4- 6 |  7- 9 | 10-12 | 13-15 | 16-18 | 19-21 | 22-24 || total
---------------------------+-------+-------+-------+-------+-------+-------+-------+-------++-------
  Melee: Unarmed           |    16 |       |       |       |       |       |       |       ||    16
         Constrict         |    12 |    15 |    24 |     9 |    39 |    33 |    65 |    36 ||   233
         Tentacles         |    16 |    17 |    30 |    20 |    78 |    69 |   177 |   154 ||   561
         Short sword       |    25 |    88 |    52 |       |       |       |       |       ||   165
         Punch             |       |     1 |     4 |     1 |     8 |     5 |     7 |     9 ||    35
         Dagger            |       |       |    68 |    57 |   250 |    97 |       |       ||   472
         Staff             |       |       |       |       |       |   105 |   423 |   345 ||   873
   Cast: Sting             |    12 |    15 |    18 |     5 |     2 |     1 |       |       ||    53
         Poisonous Vapours |    20 |    30 |    36 |     3 |       |       |       |       ||    89
         Olgreb's Toxic Ra |       |     1 |    47 |   125 |   254 |   318 |   206 |    19 ||   970
         Mephitic Cloud    |       |     1 |     8 |    12 |    12 |    61 |   111 |    11 ||   216
         Summon Lightning  |       |       |       |    30 |   140 |   153 |   124 |    10 ||   457
         Airstrike         |       |       |       |    10 |    92 |   129 |    53 |       ||   284
         Blink             |       |       |       |       |     5 |     2 |       |     5 ||    12
         Irradiate         |       |       |       |       |       |    12 |    73 |    50 ||   135
         Stone Arrow       |       |       |       |       |       |       |   234 |    27 ||   261
         Yara's Violent Un |       |       |       |       |       |       |    20 |     7 ||    27
         Iron Shot         |       |       |       |       |       |       |    52 |    87 ||   139
         Arcjolt           |       |       |       |       |       |       |     9 |    34 ||    43
         Freezing Cloud    |       |       |       |       |       |       |     1 |       ||     1
  Evoke: Wand              |       |       |    16 |    13 |     4 |    11 |       |     3 ||    47
    Use: Scroll            |       |       |    18 |     5 |    11 |     8 |    13 |    21 ||    76
         Potion            |       |       |       |     2 |     7 |     6 |     8 |    19 ||    42
   Stab: Sleeping          |     1 |    11 |     8 |       |       |       |     1 |     4 ||    25
         Confused          |       |       |     2 |     1 |     1 |     7 |    14 |     2 ||    27
         Distracted        |       |       |       |       |     5 |     5 |     4 |     2 ||    16
 Armour: Skin              |     2 |     2 |     5 |     4 |    11 |     5 |    28 |    39 ||    96
  Dodge: Dodged            |    30 |    58 |    77 |    97 |   373 |   322 |   555 |   423 ||  1935
  Block: Other             |     3 |    17 |    29 |    19 |     7 |       |       |       ||    75
         Reflection        |       |       |     1 |       |    23 |    65 |    47 |       ||   136
         Buckler           |       |       |       |       |   158 |       |       |       ||   158
         Kite shield       |       |       |       |       |    63 |   339 |   538 |   322 ||  1262
